 Dungeon Crawl Stone Soup version 0.27-a0-1137-g3ef0f4ec91 (webtiles) character file.

Game seed: 1179527391017971046

65 Zeld the Skirmisher (level 4, 0/49 HPs)
             Began as an Octopode Fighter on May 6, 2021.
             Slain by a phantom (4 damage)
             ... on level 3 of the Dungeon.
             The game lasted 00:03:40 (2705 turns).

Zeld the Skirmisher (Octopode Fighter)              Turns: 2705, Time: 00:03:41

Health: 0/49       AC: 22    Str: 16    XL:     4   Next: 14%
Magic:  4/4        EV:  2    Int: 10    God:
Gold:   86         SH:  9    Dex: 11    Spells: 3/3 levels left

rFire    . . .     SeeInvis .   a - +0 war axe
rCold    . . .     Faith    .   b - +0 kite shield
rNeg     + + +     Spirit   .   (helmet currently unavailable)
rPois    +         Reflect  .   (no amulet)
rElec    .         Harm     .   (no ring)
rCorr    .         Rampage  .   (no ring)
Will     .....     NoTele   +   (no ring)
Stlth    +.........             (no ring)
HPRegen  0.16/turn              (no ring)
MPRegen  0.09/turn              (no ring)
                                (no ring)
                                (no ring)

@: mighty, tree-form, hasted, very quick
A: stationary, stasis, torment immunity, boosted hp, almost no armour,
(amphibious), 8 rings, (camouflage 1), (gelatinous body 1), (nimble swimmer 1),
(tentacles)
a: no special abilities


You were on level 3 of the Dungeon.
You were a tree.
You visited 1 branch of the dungeon, and saw 3 of its levels.

You collected 86 gold pieces.

Inventory:

Hand Weapons
 a - a +0 war axe (weapon)
Armour
 b - a +0 kite shield (worn)
Scrolls
 d - a scroll of identify {unknown}
 e - a scroll of teleportation {unknown}
 h - a scroll of amnesia {unknown}
Potions
 f - a potion of magic {unknown}
 g - a potion of attraction {unknown}


   Skills:
 * Level 3.7 Fighting
 * Level 2.9 Axes
 - Level 3.0 Dodging
 * Level 3.7 Shields


You had 3 spell levels left.
You didn't know any spells.
Your spell library contained the following spells:

 Spells                   Type           Power      Damage    Failure   Level
 Magic Dart               Conj           0%         1d3       85%         1
 Searing Ray              Conj           0%         3d3       94%         2
 Dazzling Flash           Conj/Hex       0%         N/A       99%         3
 Fulminant Prism          Conj/Hex       0%         3d6       100%        4
 Iskenderun's Mystic Bla  Conj/Tloc      0%         2d3       100%        4


Dungeon Overview and Level Annotations

Branches:
Dungeon (3/15)

Altars:


Innate Abilities, Weirdness & Mutations

You are a tree.
Your roots penetrate the ground, keeping you stationary.
You cannot be teleported.
You are immune to unholy pain and torment.
Your maximum health is greatly increased.
Your equipment is partially melded.
You cannot wear most types of armour.
((You are amphibious.))
You can wear up to eight rings at the same time.
((Your skin changes colour to match your surroundings (Stealth+).))
((Your rubbery body absorbs attacks. (AC +1, EV +1)))
((You are camouflaged near water. (Stealth+)))
((You have tentacles for arms and can constrict up to eight enemies at once.))


Message History

You feel very mighty all of a sudden. The phantom barely misses you.
You slash the phantom!
The phantom is moderately damaged.
The phantom hits you. x2
You barely miss the phantom.
The phantom is moderately damaged.
The phantom hits you.
The phantom blinks!
You blink.
The phantom hits you!
You are too injured to fight recklessly!
You are too injured to fight recklessly!
You barely miss the phantom. Your squeeze misses the phantom.
The phantom is moderately damaged.
The phantom hits you.
You miss the phantom.
The phantom is moderately damaged.
The phantom hits you!
* * * LOW HITPOINT WARNING * * *
The phantom blinks!
You blink.
You block the phantom's attack.
Press: ? - help, v - describe, . - travel
Here: a phantom (moderately damaged)
The floor.
Okay, then.
Okay, then.
It was a potion of haste.
You feel yourself speed up. The phantom barely misses you.
It was a potion of lignification.
You turn into a tree.
Your roots penetrate the ground.
You barely miss the phantom.
The phantom is moderately damaged.
The phantom hits you but does no damage.
You closely miss the phantom.
The phantom is moderately damaged.
The phantom barely misses you.
You closely miss the phantom.
The phantom is moderately damaged.
The phantom hits you but does no damage.
You closely miss the phantom.
The phantom is moderately damaged.
The phantom hits you.
You die...

#......>#
#.#######
#.# #.#
#.# #.#
#.# #W#
#♣# #(#
#.# #.#
#.# #.#
#.# #.#
#.#


You could see a phantom.

Vanquished Creatures
  3 adders (D:2)
  5 bats
  7 endoplasms
  2 giant cockroaches
  A goblin (D:1)
  5 hobgoblins
  2 kobolds
  5 ball pythons
  3 frilled lizards
  4 rats
37 creatures vanquished.

Notes
Turn   | Place    | Note
-------+----------+-------------------------------------------
     0 | D:1      | Zeld the Octopode Fighter began the quest for the Orb.
     0 | D:1      | Reached XP level 1. HP: 16/16 MP: 1/1
   235 | D:1      | Reached XP level 2. HP: 21/21 MP: 2/2
  1184 | D:1      | Reached XP level 3. HP: 25/26 MP: 3/3
  2131 | D:2      | Reached XP level 4. HP: 26/33 MP: 4/4
  2683 | D:3      | Noticed a phantom
  2705 | D:3      | Slain by a phantom

Illustrated notes

Levels and vault maps discovered:
D:1:      nzn_arrival_depleted_hourglass, layout_basic,
          minmay_stone_trees_small, minmay_curled_crystal, fountainhead,
          minmay_misc_feat_four_crosses
D:2:      layout_loops_cross, minmay_misc_feat_encased
D:3:      layout_loops_ring, vehumet_altar_wand_db, portal_sewer_entry_d,
          kennysheep_generic_room_9

Action                   |  1- 3 |  4- 6 || total
-------------------------+-------+-------++-------
Melee: War axe           |    65 |    16 ||    81
       Constrict         |    14 |     4 ||    18
       Tentacles         |    11 |     2 ||    13
  Use: Potion            |       |     3 ||     3
 Stab: Sleeping          |     6 |       ||     6
Armor: Skin              |     7 |     2 ||     9
Dodge: Dodged            |    31 |     6 ||    37
Block: Kite shield       |    34 |     4 ||    38

Table legend: (Time is in decaauts)
 A = Elapsed time spent in this place.
 B = Non-inter-level travel time spent in this place.
 C = Inter-level travel time spent in this place.
 D = Time resting spent in this place.
 E = Time spent auto-exploring this place.
 F = Levels seen in this place.
 G = Mean time per level.
                   A        B        C        D        E       F      G
               +--------+--------+--------+--------+--------+-----+--------+
         Total |   2750 |   2718 |     32 |      0 |   2364 |   3 |  916.7 |
       Dungeon |   2750 |   2718 |     32 |      0 |   2364 |   3 |  916.7 |
               +--------+--------+--------+--------+--------+-----+--------+

Top non-repeatable levels by time:
     D:1: 1442 daAuts
     D:2: 1185 daAuts
     D:3: 122 daAuts
